 Dungeon Crawl Stone Soup version 0.27-a0-1200-g94dc6ad4cf (webtiles) character file.

Game seed: 10739474549420119227

29199 Delamore the Blocker (level 13, -8/92 HPs)
             Began as a Formicid Fighter on June 1, 2021.
             Was the Champion of Hepliaklqana.
             Hit by a silver javelin thrown by a minotaur (10 damage)
             ... in a Gauntlet.
             The game lasted 00:23:07 (16726 turns).

Delamore the Blocker (Formicid Fighter)            Turns: 16726, Time: 00:23:07

Health: -8/92      AC: 15    Str: 34    XL:     13   Next: 79%
Magic:  0/4        EV: 10    Int:  8    God:    Hepliaklqana [******]
Gold:   1713       SH: 21    Dex: 10    Spells: 12/12 levels left

rFire    . . .     SeeInvis +   F - +0 demon trident
rCold    . . .     Faith    .   c - +1 kite shield
rNeg     . . .     Spirit   .   u - +1 ring mail "Ujomecew" {rCorr}
rPois    +         Reflect  +   (helmet unavailable)
rElec    .         Harm     .   P - +1 cloak of the Silversmith {rPois MP-9 Str+8}
rCorr    +         Rampage  +   a - +0 pair of gloves
Will     +....                  E - +2 pair of boots {rampage}
Stlth    ..........             M - amulet of reflection
HPRegen  0.25/turn              r - ring of poison resistance
MPRegen  0.09/turn              (no ring)

@: invisible
A: reduced essence, permanent stasis, dig shafts and tunnels, antennae 3, four
strong arms
a: Dig, Renounce Religion, Recall Ancestor, Ancestor Identity, Transference,
Idealise


You were in a Gauntlet.
You worshipped Hepliaklqana.
Hepliaklqana was exalted by your worship.
You visited 2 branches of the dungeon, and saw 15 of its levels.
You also visited: Gauntlet.

You collected 2363 gold pieces.
You spent 650 gold pieces at shops.

Inventory:

Hand Weapons
 f - a +0 bardiche of protection
 F - a +0 demon trident (weapon)
Missiles
 o - 7 atropa-tipped darts
 v - 27 poisoned darts
 x - a curare-tipped dart
Armour
 a - a +0 pair of gloves (worn)
 c - a +1 kite shield (worn)
 u - the +1 ring mail "Ujomecew" (worn) {rCorr}
   (You found it on level 8 of the Dungeon)

   It protects you from acid and corrosion.
 y - a +2 pair of boots of flying
 E - a +2 pair of boots of rampaging (worn)
 P - the +1 cloak of the Silversmith (worn) {rPois MP-9 Str+8}
   (You found it in a Gauntlet)

   It affects your strength (+8).
   It protects you from poison.
   It affects your magic capacity (-9).
Jewellery
 i - an amulet of guardian spirit
 r - a ring of poison resistance (left hand)
 M - an amulet of reflection (around neck)
Wands
 b - a wand of paralysis (11)
 t - a wand of mindburst (17)
 z - a wand of iceblast (11)
 D - a wand of acid (6)
 H - a wand of flame (29)
 K - a wand of digging (5)
Scrolls
 m - 6 scrolls of teleportation
 w - 2 scrolls of blinking
 A - a scroll of enchant armour
 B - a scroll of amnesia
 G - a scroll of enchant weapon
 J - a scroll of fog
 L - a scroll of fear
Potions
 d - 5 potions of might
 g - 3 potions of brilliance
 h - 6 potions of curing
 j - 2 potions of degeneration
 k - a potion of flight
 l - 4 potions of lignification
 n - a potion of ambrosia
 p - 2 potions of magic
 I - a potion of resistance
 N - a potion of attraction {unknown}
 O - a potion of berserk rage {unknown}


   Skills:
 - Level 10.0 Fighting
 - Level 14.0 Polearms
 - Level 10.0 Armour
 + Level 14.9 Shields


You had 12 spell levels left.
You didn't know any spells.
Your spell library contained the following spells:

 Spells                   Type           Power      Damage    Failure   Level
 Animate Skeleton         Necr           0%         N/A       50%         1
 Pain                     Necr           0%         1d4       50%         1
 Sandblast                Erth           0%         2d4       50%         1
 Summon Small Mammal      Summ           0%         N/A       50%         1
 Call Imp                 Summ           0%         N/A       63%         2
 Passwall                 Tmut/Erth      0%         N/A       63%         2
 Call Canine Familiar     Summ           0%         N/A       86%         3
 Confusing Touch          Hex            0%         N/A       86%         3
 Gell's Gravitas          Tloc           0%         N/A       86%         3
 Stone Arrow              Conj/Erth      0%         3d7       86%         3
 Summon Guardian Golem    Hex/Summ       0%         N/A       86%         3
 Vampiric Draining        Necr           0%         2d6       86%         3
 Animate Dead             Necr           0%         N/A       99%         4
 Cause Fear               Hex            0%         N/A       99%         4
 Petrify                  Tmut/Erth      0%         N/A       99%         4
 Summon Ice Beast         Ice/Summ       0%         N/A       99%         4
 Summon Lightning Spire   Summ/Air       0%         N/A       99%         4
 Agony                    Necr           0%         N/A       100%        5
 Lee's Rapid Deconstruct  Erth           0%         3d5*      100%        5
 Metabolic Englaciation   Hex/Ice        0%         N/A       100%        5
 Silence                  Hex/Air        0%         N/A       100%        5
 Yara's Violent Unravell  Hex/Tmut       0%         3d3       100%        5
 Discord                  Hex            0%         N/A       100%        8


Dungeon Overview and Level Annotations

Branches:
Dungeon (10/15)            Temple (0/1) D:7            Lair (5/6) D:8
 Shoals (0/4) Lair:4        Snake (0/4) Lair:2          Orc (0/2) D:9
Gauntlet (1/1)
  Slime: Lair:5-6

Altars:
Hepliaklqana
Makhleb
Zin

Shops:
D:4 [*   D:6 (   D:9 (

Annotations:
Gauntlet 2 runed translucent doors, 8 transporters


Innate Abilities, Weirdness & Mutations

Your life essence is reduced to manifest your ancestor. (-10% HP)
You cannot be hasted, slowed, berserked, paralysed or teleported.
You can dig through walls and to a lower floor.
You have a pair of large antennae on your head. (SInv)
Your four strong arms can wield two-handed weapons with a shield.


Message History

You block the minotaur's attack. x2
You impale the minotaur!!
The minotaur is moderately wounded.
You block the minotaur's attack. The minotaur gores you.
You hit the minotaur.
The minotaur is moderately wounded.
Belanum casts a spell at the minotaur.
The puff of frost hits the minotaur but does no damage.
You closely miss the minotaur.
The minotaur furiously retaliates!
The minotaur headbutts you!
The minotaur is moderately wounded.
You block the minotaur's attack. x2
You puncture the minotaur!
The minotaur is heavily wounded.
Belanum loses the glow of perfection.
You puncture the minotaur!
The minotaur is heavily wounded.
The minotaur hits you with a +7 dire flail of holy wrath!!
* * * LOW HITPOINT WARNING * * *
The minotaur gores you but does no damage.
You hit the minotaur.
The minotaur is heavily wounded.
The minotaur hits you with a +7 dire flail of holy wrath!
* * * LOW HITPOINT WARNING * * *
You block the minotaur's attack.
You feel much better.
Belanum points at the minotaur and mumbles some strange words.
The puff of frost hits the minotaur!
The minotaur throws a silver javelin.
The silver javelin pierces through you!
The silver javelin pierces through Belanum!
Okay, then.
Press: ? - help, v - describe, . - travel
Here: a minotaur, wielding a +7 dire flail of holy wrath, wearing the +1 chain mail "Tisurhi" {Int+2} and quivering silver javelins (severely wounded, ally target)
The floor, spattered with blood.
Unknown command.
You fade into invisibility!
The minotaur throws a silver javelin.
The silver javelin pierces through you!!
* * * LOW HITPOINT WARNING * * *
You die...

##..#[### #####
#≈..#x...
......###..#####
#.###..##.......
........#..#####
..#.#...#..#....
#########.#.#.©.#8.#?###
#8}8[8H8#...#...#..#"###
#∩.....@R.###.©.#∩.#©###
#8[8/8.8#...#...#..#(...
#########.#.#.©.#8.#....
#.....#.#...#..#2...
#8..........#..#####
##.##.###..##.......
#........###..#####
###########≈..#....
##..#[###


You could see the friendly Belanum the battlemage and a minotaur (ally target).

Vanquished Creatures
  5 hydras
  2 death yaks (D:8)
  Pikel (D:9)
  A spectral boulder beetle (Gauntlet)
  A manticore (Lair:4)
  3 black mambas
  A cane toad (Lair:4)
  A rime drake (Lair:2)
  A komodo dragon (Lair:5)
  7 blink frogs
  4 redbacks (Gauntlet)
  5 wyverns
  A wraith (D:9)
  9 yaks
  13 water moccasins
  3 orc warriors
  2 black bears
  A necrophage (D:5)
  7 wolves
  4 centaurs
  2 scorpions
  6 bullfrogs
  A gnoll sergeant (D:7)
  A wyvern zombie (D:8)
  6 killer bees (D:7)
  5 wights
  A bullfrog zombie (D:5)
  2 orc priests (D:9)
  2 gnoll shamans
  Jessica (D:3)
  Terence (D:3)
  7 orc wizards
  A killer bee zombie (D:4)
  3 howler monkey zombies
  9 gnolls
  5 adders
  2 shadow imps
  An adder skeleton (D:2)
  2 worms
  2 dart slugs
  15 orcs
  5 bats
  6 endoplasms
  3 giant cockroaches
  6 goblins
  10 hobgoblins
  11 jackals
  3 quokkas
  6 ball pythons
  4 frilled lizards
  5 kobolds
  11 rats
217 creatures vanquished.

Vanquished Creatures (collateral kills)
  An entropy weaver (Gauntlet)
  2 hydras
  A death yak (D:8)
  A two-headed ogre (D:9)
  A death scarab (Gauntlet)
  An ugly thing (D:10)
  A moth of wrath (Gauntlet)
  3 cane toads
  4 komodo dragons
  A troll (D:9)
  A wind drake (Lair:4)
  Grinder (D:3)
  11 blink frogs
  A redback (Gauntlet)
  2 yaks
  A wyvern (D:9)
  3 basilisks
  A steam dragon (D:9)
  4 water moccasins
  A necrophage (D:6)
  A black bear (D:6)
  An ice beast (D:7)
  8 wolves
  A kobold brigand (D:10)
  A bullfrog (Lair:1)
  A gnoll sergeant (D:7)
  2 scorpions (D:5)
  2 killer bees (D:7)
  3 wights
  A centaur zombie (D:7)
  A centaur skeleton (D:5)
  4 hounds
  A jelly (D:7)
  A bullfrog skeleton (D:5)
  An orc priest (D:9)
  3 iguanas
  6 orc wizards
  2 hell rats (D:8)
  A hound zombie (D:5)
  A howler monkey zombie (D:9)
  5 gnolls
  2 river rats (D:8)
  3 adders
  A white imp (D:5)
  2 worms
  17 orcs
  3 ball pythons
  2 giant cockroaches (D:4)
  5 goblins
  A hobgoblin (D:9)
  2 jackals
  2 kobolds
  A bat (D:3)
  A frilled lizard (D:3)
  A rat (D:2)
132 creatures vanquished.

Vanquished Creatures (others)
  5 battlemagi
  13 fungi
  8 plants
26 creatures vanquished.

Grand Total: 375 creatures vanquished

Notes
Turn   | Place    | Note
-------+----------+-------------------------------------------
     0 | D:1      | Delamore the Formicid Fighter began the quest for the Orb.
     0 | D:1      | Reached XP level 1. HP: 18/18 MP: 1/1
   195 | D:1      | Reached XP level 2. HP: 13/24 MP: 2/2
   763 | D:1      | Reached XP level 3. HP: 29/29 MP: 3/3
  1263 | D:1      | Found a faded altar of an unknown god.
  1277 | D:1      | Became a worshipper of Hepliaklqana the Forgotten
  1277 | D:1      | Reached * piety under Hepliaklqana
  1572 | D:2      | Reached XP level 4. HP: 33/33 MP: 4/4
  2160 | D:3      | Noticed Jessica
  2166 | D:3      | Killed Jessica
  2167 | D:3      | Reached XP level 5. HP: 37/37 MP: 5/5
  2371 | D:3      | Reached ** piety under Hepliaklqana
  2394 | D:3      | Remembered your ancestor Belanum as a battlemage
  2443 | D:3      | Noticed Terence
  2454 | D:3      | Killed Terence
  2455 | D:3      | Reached XP level 6. HP: 43/43 MP: 4/6
  2741 | D:3      | Noticed Grinder
  2757 | D:3      | Killed Grinder
  2758 | D:3      | Reached skill level 5 in Shields
  2758 | D:3      | Reached XP level 7. HP: 12/49 MP: 2/7
  3323 | D:3      | Identified a scroll of acquirement
  3323 | D:3      | Acquired a +0 bardiche of protection
  3352 | D:4      | Found a glowing silver altar of Zin.
  3353 | D:4      | Found Zin's Purification Station.
  3361 | D:4      | Found Kufudemi's Armour Emporium.
  3558 | D:4      | Reached skill level 5 in Fighting
  3558 | D:4      | Reached skill level 5 in Polearms
  3953 | D:4      | Reached skill level 5 in Armour
  4114 | D:5      | Entered Level 5 of the Dungeon
  4114 | D:5      | Reached *** piety under Hepliaklqana
  4249 | D:5      | Reached XP level 8. HP: 53/55 MP: 8/8
  5094 | D:6      | Reached XP level 9. HP: 61/61 MP: 9/9
  5221 | D:6      | Reached **** piety under Hepliaklqana
  5222 | D:6      | You fall into a shaft and drop 3 floors!
  5487 | D:9      | Found Tunoiv's Antique Weapon Emporium.
  5533 | D:9      | Noticed Pikel
  5539 | D:9      | Killed Pikel
  5540 | D:9      | Reached skill level 10 in Polearms
  5687 | D:9      | Found a staircase to the Orcish Mines.
  6228 | D:8      | Noticed a death yak
  6229 | D:8      | Noticed a death yak
  6255 | D:8      | Killed a death yak
  6256 | D:8      | Reached XP level 10. HP: 57/66 MP: 8/10
  6256 | D:8      | Noticed a death yak
  6258 | D:8      | Killed a death yak
  6269 | D:8      | You fall into a shaft and drop 2 floors!
  6269 | D:10     | Entered Level 10 of the Dungeon
  6498 | D:10     | Noticed a red ugly thing
  6506 | D:10     | Killed a red ugly thing
  6971 | D:9      | Noticed a two-headed ogre
  7051 | D:7      | Reached XP level 11. HP: 62/71 MP: 9/11
  7314 | D:6      | Found Saeleh's Antique Weapon Shop.
  7547 | D:4      | Bought a +2 pair of boots of rampaging for 215 gold pieces
  7742 | D:7      | Found a staircase to the Ecumenical Temple.
  7768 | D:7      | Acquired 697 gold pieces
  7828 | D:9      | Killed a two-headed ogre
  8080 | D:9      | Bought a demon trident for 435 gold pieces
  8364 | D:8      | Identified the +1 ring mail "Ujomecew" {rCorr}
  8536 | D:8      | Reached ***** piety under Hepliaklqana
  8937 | D:8      | Found a staircase to the Lair.
  8960 | D:8      | Killed a death yak
 10369 | Lair:1   | Entered Level 1 of the Lair of Beasts
 10490 | Lair:1   | Noticed a six-headed hydra
 10773 | D:8      | Killed a six-headed hydra
 10774 | D:8      | Reached XP level 12. HP: 35/82 MP: 5/12
 11682 | Lair:2   | Found a staircase to the Snake Pit.
 12417 | Lair:2   | Found a burning altar of Makhleb.
 12719 | Lair:3   | Noticed a five-headed hydra
 12724 | Lair:3   | Killed a five-headed hydra
 12725 | Lair:3   | Reached skill level 10 in Shields
 13119 | Lair:3   | Noticed a six-headed hydra
 13124 | Lair:3   | Killed a six-headed hydra
 13839 | Lair:4   | Noticed a seven-headed hydra
 13847 | Lair:4   | Killed a seven-headed hydra
 13997 | Lair:4   | Reached skill level 10 in Fighting
 13997 | Lair:4   | Reached skill level 10 in Armour
 14044 | Lair:4   | Reached ****** piety under Hepliaklqana
 14061 | Lair:4   | Noticed a five-headed hydra
 14067 | Lair:4   | Killed a five-headed hydra
 14068 | Lair:4   | Reached XP level 13. HP: 85/92 MP: 13/13
 14127 | Lair:4   | Noticed an eight-headed hydra
 14133 | Lair:4   | Killed an eight-headed hydra
 15237 | Lair:4   | Found a staircase to the Shoals.
 15248 | Lair:4   | Acquired 647 gold pieces
 15688 | Lair:5   | Noticed a six-headed hydra
 15700 | Lair:5   | Killed a six-headed hydra
 15843 | Lair:5   | Found a gate leading to a gauntlet.
 15860 | Gauntlet | Entered a Gauntlet
 15860 | Gauntlet | Found a runed translucent door.
 15860 | Gauntlet | Found a transporter.
 15860 | Gauntlet | Found a runed translucent door.
 15860 | Gauntlet | Found a transporter.
 15950 | Gauntlet | Found a transporter.
 15950 | Gauntlet | Found a transporter.
 15953 | Gauntlet | Found a transporter.
 15955 | Gauntlet | Noticed an entropy weaver
 15990 | Gauntlet | Found a transporter.
 15993 | Gauntlet | Found a transporter.
 15993 | Gauntlet | Found a transporter.
 16009 | Gauntlet | Found a transporter.
 16022 | Gauntlet | Found a transporter.
 16031 | Gauntlet | Noticed a hell beast
 16032 | Gauntlet | Found a transporter.
 16036 | Gauntlet | Found a transporter.
 16080 | Gauntlet | Found a transporter.
 16092 | Gauntlet | Found a transporter.
 16355 | Gauntlet | Killed an entropy weaver
 16640 | Gauntlet | Identified the +1 cloak of the Silversmith {rPois MP-9
                  | Str+8}
 16716 | Gauntlet | Identified the +1 chain mail "Tisurhi" {Int+2}
 16716 | Gauntlet | Noticed a minotaur
 16718 | Gauntlet | Found the -2 hat of the Alchemist {rElec rPois rF+ rC+ rN+
                  | Will+ rMut rCorr}
 16726 | Gauntlet | HP: 2/92 [minotaur/silver javelin (35)]
 16726 | Gauntlet | Hit by a silver javelin thrown by a minotaur

Illustrated notes

Levels and vault maps discovered:
D:1:      lemuel_arrival_river_ford, layout_basic,
          chequers_ecumenical_altar_simple_redux, minmay_quantized
D:2:      layout_loops_cross
D:3:      layout_loops_ring, uniq_terence, uniq_grinder, uniq_jessica
D:4:      minmay_chambers_of_threes, layout_basic, zin_purify, serial_shops,
          shop
D:5:      layout_cave_pools, minmay_joined_circles
D:6:      layout_basic, serial_shops, nicolae_shop_statue_plus,
          minmay_misc_feat_tower
D:7:      layout_gridville, minmay_temple_entry_crystal_x, minmay_crossroads
D:8:      layout_loops_corners, dpeg_lair_monsters
D:9:      layout_long_grid, erik_orc_3, serial_shops, nicolae_shop_crystal,
          uniq_pikel
D:10:     layout_irregular_city, enter_trove_0, kennysheep_nondescript,
          uniq_sonja
Lair:1:   layout_misc_corridors, lemuel_fruit_fields
Lair:2:   layout_regular_city, minmay_snake_entry_six_corridors, basic_altar
Lair:3:   layout_cave_pods, minivault_25
Lair:4:   layout_regular_city, minmay_shoals_entry_beasts, st_stairs_10,
          serial_bayou_shore_b, lemuel_fruit_tree, grunt_megastairs_1
Lair:5:   layout_gridlike, slime_dummy, serial_rivers,
          chequers_serial_rivers_micro_e, chequers_serial_rivers_micro_c,
          chequers_serial_rivers_room_a, chequers_serial_rivers_large_b,
          chequers_serial_rivers_room_a, gauntlet_entry_generic,
          beast_lair_carwin_9, serial_bayou_shore_b
Gauntlet: gammafunk_gauntlet_mixed_choke_point
          [minmay_gauntlet_arena_77_squiggly, minmay_gauntlet_arena_77_cramped,
          minmay_gauntlet_arena_77_braids, nicolae_gauntlet_arena_flowing_pool,
          minmay_gauntlet_arena_77_box, minmay_gauntlet_arena_77_block_sizes,
          minmay_gauntlet_arena_77_hold_the_fort,
          nicolae_gauntlet_exit_dead_adventurers]

Skill      XL: |  1  2  3  4  5  6  7  8  9 10 11 12 13 |
---------------+----------------------------------------+-----
Shields        | 4 5 8 11 14 | 14.9
Polearms       | 3 4 6 9 12 14 | 14.0
Fighting       | 4 5 7 10 | 10.0
Armour         | 4 5 7 10 | 10.0

Action                   |  1- 3 |  4- 6 |  7- 9 | 10-12 | 13-15 || total
-------------------------+-------+-------+-------+-------+-------++-------
Melee: Trident           |    85 |   139 |    15 |    75 |       ||   314
       Bardiche          |       |       |   174 |    34 |       ||   208
       Demon trident     |       |       |       |   341 |   201 ||   542
Invok: Ancestor Life: Ba |       |     1 |       |       |       ||     1
       Recall Ancestor   |       |       |     1 |     1 |     1 ||     3
       Idealise          |       |       |       |       |     1 ||     1
 Abil: Shaft Self        |       |       |       |     1 |       ||     1
Evoke: Wand              |       |       |       |     8 |     5 ||    13
  Use: Scroll            |       |       |    10 |    13 |     3 ||    26
       Potion            |       |       |     3 |     1 |     3 ||     7
 Stab: Distracted        |       |     1 |     1 |     2 |     1 ||     5
Armor: Scale mail        |    24 |    45 |    83 |    41 |       ||   193
       Skin              |       |       |    28 |       |       ||    28
       Ring mail         |       |       |       |    64 |    36 ||   100
Dodge: Dodged            |    27 |    30 |    72 |    88 |    31 ||   248
Block: Kite shield       |    47 |    52 |   117 |   172 |    84 ||   472

Table legend: (Time is in decaauts)
 A = Elapsed time spent in this place.
 B = Non-inter-level travel time spent in this place.
 C = Inter-level travel time spent in this place.
 D = Time resting spent in this place.
 E = Time spent auto-exploring this place.
 F = Levels seen in this place.
 G = Mean time per level.
                   A        B        C        D        E       F      G
               +--------+--------+--------+--------+--------+-----+--------+
         Total |  16737 |  16052 |    685 |   2898 |  10741 |  16 | 1046.1 |
       Dungeon |  11018 |  10467 |    551 |   1752 |   7179 |  10 | 1101.8 |
          Lair |   4878 |   4744 |    134 |    636 |   3562 |   5 |  975.6 |
      Gauntlet |    840 |    840 |      0 |    510 |      0 |   1 |  840.0 |
               +--------+--------+--------+--------+--------+-----+--------+

Top non-repeatable levels by time:
  Lair:4: 1823 daAuts
     D:9: 1739 daAuts
     D:8: 1697 daAuts
     D:1: 1486 daAuts
     D:7: 1199 daAuts
     D:3: 1194 daAuts
  Lair:3: 1178 daAuts
  Lair:2: 1106 daAuts
     D:5: 958 daAuts
     D:4: 870 daAuts
Gauntlet: 840 daAuts
     D:2: 725 daAuts
     D:6: 623 daAuts
  Lair:1: 615 daAuts
    D:10: 522 daAuts
